 Dungeon Crawl Stone Soup version 0.30-a0-365-ge7f957f1db (webtiles) character file.

Game seed: 9139442303827146421

106 qeuew the Trooper (level 4, -7/24 HPs)
             Began as a Vine Stalker Fighter on Nov 17, 2022.
             Mangled by an ogre
             ... wielding a +0 giant club
              (10 damage)
             ... on level 4 of the Dungeon.
             The game lasted 00:02:41 (1716 turns).

qeuew the Trooper (Vine Stalker Fighter)            Turns: 1716, Time: 00:02:41

Health: -7/24      AC:  7    Str: 17    XL:     4   Next: 84%
Magic:  0/6        EV:  9    Int: 12    God:
Gold:   143        SH:  5    Dex: 15    Spells: 5/5 levels left

rFire   . . .      SeeInvis .      - Unarmed
rCold   . . .      Faith    .    b - +0 buckler
rNeg    . . .      Spirit   +    a - +1 scale mail
rPois   .          Reflect  .    (helmet restricted)
rElec   .          Harm     .    (no cloak)
rCorr   .          Rampage  .    (no gloves)
Will    .....                    (no boots)
Stlth   ..........               (no amulet)
HPRegen 1.04/turn                (no ring)
MPRegen 0.10/turn                (no ring)

@: mighty, silenced
A: fangs 2, regeneration 1, magic shield, antimagic bite, no potion heal 2,
horns 1, clever 1
a: no special abilities


You were on level 4 of the Dungeon.
You visited 1 branch of the dungeon, and saw 4 of its levels.

You collected 143 gold pieces.

Inventory:

Armour
 a - a +1 scale mail (worn)
 b - a +0 buckler (worn)
Wands
 k - a wand of paralysis (2)
Scrolls
 d - 2 scrolls of teleportation
 e - a scroll of enchant weapon
Potions
 c - a potion of might
 f - a potion of heal wounds
 h - a potion of curing
 l - 2 potions of cancellation


   Skills:
 + Level 3.1 Fighting
 + Level 2.7 Armour
 + Level 1.0 Dodging
 + Level 3.0 Shields
 * Level 3.1 Unarmed Combat
 + Level 1.2 Spellcasting


You had 5 spell levels left.
You didn't know any spells.
Your spell library was empty.

Dungeon Overview and Level Annotations

Branches:
Dungeon (4/15)
 Temple: D:4-7

Altars:


Innate Abilities, Weirdness & Mutations

You have extremely sharp teeth.
Your natural rate of healing is unusually fast.
When hurt, damage is shared between your health and your magic reserves.
Your bite disrupts and absorbs the magic of your enemies.
Potions cannot restore your health.
You have a pair of small horns on your head.
Your mind is acute. (Int +4, Str/Dex -1)


Message History

No target in view!
Done exploring.
No target in view!
Done exploring.
No target in view!
Done exploring.
No target in view!
Done exploring.
As you read the scroll of identify, it crumbles to dust.
l - 2 potions of cancellation
As you read the scroll of identify, it crumbles to dust.
g - a scroll of vulnerability
As you read the scroll labelled KOZOEQI VAONURCH, it crumbles to dust.
A profound silence engulfs you.
It was a scroll of silence.
You drop a scroll of vulnerability.
(D) Dungeon
Where to? (Enter - D:3, ? - help)
What level of the Dungeon? (default 1, ? - help)
There is a stone staircase leading down here.
You climb downwards.
There is a stone staircase leading up here.
An ogre is nearby!
The ogre hits you with a +0 giant club!!
Ouch! That really hurt!
* * * LOW HITPOINT WARNING * * *
You are too injured to fight recklessly!
You are too injured to fight recklessly!
You are too injured to fight recklessly!
You are too injured to fight recklessly!
You are too injured to fight recklessly!
You are too injured to fight recklessly!
You are too injured to fight recklessly!
You are too injured to fight recklessly!
Unknown command.
You closely miss the ogre. You bite the ogre. You drain its power.
You feel invigorated.
The ogre is lightly wounded.
You feel very mighty all of a sudden. The ogre hits you with a +0 giant club!
You die...

#.....#
#.....#
#.....#
#.....##
#......##
#.......###
#.....O...#
#....@#
#....<#
#######


You could see an ogre.

Vanquished Creatures
  Ijyb (D:3)
  2 adders
  2 dart slugs
  3 ball pythons
  6 bats
  5 endoplasms
  A giant cockroach (D:1)
  4 goblins
  5 hobgoblins
  8 jackals (D:2)
  4 kobolds
  2 frilled lizards
  7 rats
50 creatures vanquished.

Notes
Turn   | Place    | Note
-------+----------+-------------------------------------------
     0 | D:1      | qeuew the Vine Stalker Fighter began the quest for the Orb.
     0 | D:1      | Reached XP level 1. HP: 11/11 MP: 2/2
    82 | D:1      | Reached XP level 2. HP: 14/16 MP: 3/3
   383 | D:1      | Reached XP level 3. HP: 19/19 MP: 4/4
   464 | D:1      | Found a faded altar of an unknown god.
   921 | D:2      | Gained mutation: Your natural rate of healing is unusually
                  | fast. [Vine Stalker growth]
   921 | D:2      | Reached XP level 4. HP: 24/24 MP: 6/6
  1178 | D:2      | Gained mutation: You have a pair of small horns on your
                  | head. [potion of mutation]
  1178 | D:2      | Gained mutation: Your mind is acute. (Int +4, Str/Dex -1)
                  | [potion of mutation]
  1268 | D:3      | Reached skill level 1 in Spellcasting
  1643 | D:3      | Noticed Ijyb
  1646 | D:3      | Paralysed by Ijyb for 2 turns
  1662 | D:3      | Killed Ijyb
  1663 | D:3      | Reached skill level 1 in Dodging
  1713 | D:4      | Noticed an ogre
  1714 | D:4      | HP: 1/24 [ogre/+0 giant club (23)]
  1716 | D:4      | Mangled by an ogre

Illustrated notes

Levels and vault maps discovered:
D:1:      sevenhm_arrival_forest_fort_small_4, layout_rooms,
          serial_corexii_hall, chequers_hall_statues_corner_a,
          chequers_hall_statues_y, corexii_hall_statues_l,
          shapermc_ecumenical_altar_starsandcircs, amethyst_killhole
D:2:      layout_rooms, glass_columns_b, nicolae_kite_square_tiling_tiny
D:3:      layout_rooms, uniq_ijyb
D:4:      layout_rooms, nicolae_ru_great_annihilating_truth, vehumet_crystals,
          nicolae_stop_n_shop_2, hangedman_abyss_or_decor_stagger

Skill      XL: |  1  2  3  4 |
---------------+-------------+-----
Fighting       | 3 |  3.1
Shields        | 3 |  3.0
Spellcasting   | 1 |  1.2
Unarmed Combat | 3 |  3.1
Dodging        | 1 |  1.0
Armour         | |  2.7

Action                   |  1- 3 |  4- 6 || total
-------------------------+-------+-------++-------
Melee: Unarmed           |   122 |    38 ||   160
       Bite              |    22 |    13 ||    35
       Headbutt          |       |     5 ||     5
  Use: Scroll            |     6 |     4 ||    10
       Potion            |       |     3 ||     3
Armor: Scale mail        |    58 |     7 ||    65
Dodge: Dodged            |    53 |     6 ||    59
Block: Buckler           |    38 |     5 ||    43

Table legend: (Time is in decaauts)
 A = Elapsed time spent in this place.
 B = Non-inter-level travel time spent in this place.
 C = Inter-level travel time spent in this place.
 D = Time resting spent in this place.
 E = Time spent auto-exploring this place.
 F = Levels seen in this place.
 G = Mean time per level.
                   A        B        C        D        E       F      G
               +--------+--------+--------+--------+--------+-----+--------+
         Total |   1714 |   1662 |     52 |     30 |   1307 |   4 |  428.5 |
       Dungeon |   1714 |   1662 |     52 |     30 |   1307 |   4 |  428.5 |
               +--------+--------+--------+--------+--------+-----+--------+

Top non-repeatable levels by time:
     D:1: 642 daAuts
     D:2: 583 daAuts
     D:3: 486 daAuts
     D:4: 2 daAuts
